 Dungeon Crawl Stone Soup version 0.30-b1-2-g02819fbbbe (webtiles) character file.

Game seed: 1020582947898530892

487 Alarkh the Insei (level 6, -4/47 HPs)
             Began as a Demonspawn Delver on May 23, 2023.
             Slain by Pikel
             ... wielding a +2 whip of electrocution
              (14 damage)
             ... on level 5 of the Dungeon.
             The game lasted 00:05:46 (4097 turns).

Alarkh the Insei (Demonspawn Delver)                Turns: 4097, Time: 00:05:47

Health: -4/47      AC:  8    Str: 17    XL:     6   Next: 89%
Magic:  6/6        EV: 11    Int: 12    God:
Gold:   307        SH:  3    Dex: 13    Spells: 5/5 levels left

rFire   . .          .
                       - Unarmed
rCold   . . .        m - +0 buckler
rNeg    . . .        a - +0 leather armour
rPois   .            (helmet restricted)
rElec   .            o - +0 cloak
rCorr   .            (no gloves)
SInv    .            (no boots)
Will    .....        s - amulet of faith
Stlth   ++           v - +4 ring of protection
HPRegen 0.27/turn    (no ring)
MPRegen 0.10/turn

%: faith
@: no status effects
A: antennae 1, claws 1, weakness stinger 1, strong 1, no potion heal 1
a: no special abilities


You were on level 5 of the Dungeon.
You visited 1 branch of the dungeon, and saw 5 of its levels.

You collected 307 gold pieces.

Inventory:

Missiles
 j - 48 stones (quivered)
Armour
 a - a +0 leather armour (worn)
 m - a +0 buckler (worn)
 o - a +0 cloak (worn)
Jewellery
 s - an amulet of faith (around neck)
 v - a +4 ring of protection (left claw)
Wands
 f - a wand of digging (8)
 i - a wand of flame (22)
Scrolls
 b - a scroll of fog
 c - 2 scrolls of magic mapping
 d - 2 scrolls of fear
 g - 2 scrolls of amnesia {unknown}
 k - a scroll of enchant weapon
 l - 2 scrolls of teleportation
 n - a scroll of blinking {unknown}
 r - 4 scrolls of identify
 t - 2 scrolls of vulnerability
 w - 2 scrolls of poison
 x - a scroll of summoning
 y - 2 scrolls of torment {unknown}
Potions
 e - 2 potions of haste
 h - a potion of curing
 q - 2 potions of heal wounds
 u - a potion of brilliance


   Skills:
 - Level 3.0 Fighting
 - Level 1.7 Dodging
 - Level 4.5 Stealth
 + Level 6.9 Unarmed Combat


You had 5 spell levels left.
You didn't know any spells.
Your spell library contained the following spells:

 Spells                   Type           Power      Damage    Failure   Level
 Blink                    Tloc           0%         N/A       63%         2
 Lesser Beckoning         Tloc           0%         N/A       63%         2
 Momentum Strike          Conj/Tloc      0%         3d8       63%         2


Dungeon Overview and Level Annotations

Branches:
Dungeon (5/15)
 Temple: D:4-7

Altars:
Yredelemnul

Annotations:
D:5 Pikel


Innate Abilities, Weirdness & Mutations

You have a pair of small antennae on your head.
You have sharp fingernails.
You have a small tail.
Your muscles are strong. (Str +4, Int/Dex -1)
Potions are less effective at restoring your health.


Message History

You scratch Pikel.
Pikel is moderately wounded.
Pikel closely misses you.
You claw Pikel!
Pikel is heavily wounded.
Pikel barely misses you.
You claw Pikel!
Pikel is severely wounded.
Pikel hits you with a +2 whip of electrocution!
You are electrocuted!
You are too injured to fight recklessly!
You are too injured to fight recklessly!
You are too injured to fight recklessly!
You are too injured to fight recklessly!
You are too injured to fight recklessly!
You are too injured to fight recklessly!
You are too injured to fight recklessly!
You are too injured to fight recklessly!
You are too injured to fight recklessly!
You are too injured to fight recklessly!
You are too injured to fight recklessly!
You barely miss Pikel.
Pikel is severely wounded.
Pikel hits you with a +2 whip of electrocution.
* * * LOW HITPOINT WARNING * * *
Your system partially rejects the healing.
You feel much better.
Pikel hits you with a +2 whip of electrocution.
You barely miss Pikel. You tail-slap Pikel.
Pikel is severely wounded.
Pikel misses you.
You scratch Pikel.
Pikel is almost dead.
Pikel barely misses you.
You closely miss Pikel.
Pikel is almost dead.
Pikel hits you with a +2 whip of electrocution!
* * * LOW HITPOINT WARNING * * *
You are electrocuted!
You die...

..........## ...........#
...........## ###########
............###..........
..........#.........#####
...##...######.###...###
##.## #.........# #.####
######..#.. #.@K5###
##..## ####555#### ##...
###....# #### #{.....# #
#......# #
K......########
##..............
####...##......
#...#######


You could see Pikel and 4 lemures.

Vanquished Creatures
  A centaur (D:5)
  A bullfrog (D:4)
  Blork the orc (D:4)
  2 hounds
  Terence (D:2)
  An orc wizard (D:5)
  Robin (D:2)
  4 adders
  An ufetubus (D:3)
  2 worms
  4 dart slugs
  8 orcs
  7 ball pythons
  5 endoplasms
  2 giant cockroaches
  15 goblins
  7 hobgoblins
  10 jackals
  3 quokkas
  3 bats
  3 frilled lizards (D:1)
  7 kobolds
  9 rats
98 creatures vanquished.

Vanquished Creatures (others)
  A fungus (D:2)
  5 plants (D:2)
6 creatures vanquished.

Grand Total: 104 creatures vanquished

Notes
Turn   | Place    | Note
-------+----------+-------------------------------------------
     0 | D:5      | Alarkh the Demonspawn Delver began the quest for the Orb.
     0 | D:5      | Reached XP level 1. HP: 18/18 MP: 1/1
   135 | D:5      | Noticed a bullfrog
   135 | D:5      | Noticed a centaur
   261 | D:4      | Reached skill level 2 in Unarmed Combat
   457 | D:4      | Found a basalt altar of Yredelemnul.
   503 | D:2      | Discovered your monstrous ancestry.
   503 | D:2      | Gained mutation: You have a small tail. [demonic ancestry]
   503 | D:2      | Reached XP level 2. HP: 20/24 MP: 2/2
   694 | D:1      | Reached skill level 3 in Unarmed Combat
   857 | D:1      | Gained mutation: You have a pair of small antennae on your
                  | head. [demonic ancestry]
   857 | D:1      | Reached XP level 3. HP: 27/29 MP: 3/3
  1638 | D:2      | Found a faded altar of an unknown god.
  1649 | D:2      | Noticed Terence
  1735 | D:2      | Reached XP level 4. HP: 34/35 MP: 4/4
  1736 | D:2      | Reached skill level 4 in Unarmed Combat
  1740 | D:2      | Noticed Robin
  1755 | D:2      | Killed Robin
  1957 | D:2      | Killed Terence
  2144 | D:3      | Reached XP level 5. HP: 31/41 MP: 5/5
  2155 | D:3      | Reached skill level 5 in Unarmed Combat
  3016 | D:4      | Gained mutation: You have sharp fingernails. [demonic
                  | ancestry]
  3016 | D:4      | Reached XP level 6. HP: 46/47 MP: 6/6
  3119 | D:4      | Reached skill level 6 in Unarmed Combat
  3176 | D:4      | Noticed Blork the orc
  3191 | D:4      | Gained mutation: Your muscles are strong. (Str +4, Int/Dex
                  | -1) [potion of mutation]
  3191 | D:4      | Gained mutation: Potions are less effective at restoring
                  | your health. [potion of mutation]
  3200 | D:4      | Killed Blork the orc
  4075 | D:5      | Noticed Pikel
  4097 | D:5      | Slain by Pikel

Illustrated notes

Levels and vault maps discovered:
D:1:      noname_arrival_rooms_in_the_neighbourhood, layout_basic,
          serial_bayou_lagoon_a
D:2:      layout_basic, shapermc_ecumenical_altar_mp_ritualfount,
          hangedman_decor_points, kennysheep_nub, uniq_terence, uniq_robin
D:3:      layout_loops_cross, zin_scriptorium
D:4:      nicolae_cairo_tiling_large, layout_cave_pods,
          mainiacjoe_overflow_24_doors, kennysheep_generic_room_16,
          uniq_blork_the_orc
D:5:      layout_rooms, kennysheep_mini, minivault_19, uniq_pikel

Skill      XL: |  1  2  3  4  5  6 |
---------------+-------------------+-----
Unarmed Combat | 2 3 4 5 6 |  6.9
Fighting       | |  3.0
Dodging        | |  1.7
Stealth        | |  4.5

Action                     |  1- 3 |  4- 6 || total
---------------------------+-------+-------++-------
  Melee: Unarmed           |   148 |   204 ||   352
         Punch             |     2 |       ||     2
         Tailslap          |     9 |    23 ||    32
  Throw: Stone             |    12 |     7 ||    19
    Use: Potion            |     1 |     6 ||     7
         Scroll            |       |     7 ||     7
   Stab: Sleeping          |     8 |     7 ||    15
         Distracted        |     1 |       ||     1
 Armour: Leather armour    |    32 |    59 ||    91
  Dodge: Dodged            |    64 |   105 ||   169
  Block: Buckler           |    16 |    25 ||    41
